 Dungeon Crawl Stone Soup version 0.32-a0-675-gdc239d62e1 (webtiles) character file.

Game seed: 9384388714147894837

3796 trollopo the Grappler (level 9, -12/127 HPs)
             Began as a Troll Fighter on Mar 11, 2024.
             Was an Initiate of Elyvilon.
             Mangled by a skeletal warrior
             ... wielding a +0 dire flail
              (23 damage)
             ... on level 8 of the Dungeon.
             The game lasted 00:33:41 (6370 turns).

trollopo the Grappler (Troll Fighter)               Turns: 6370, Time: 00:33:42

Health: -12/127    AC:  9    Str: 28    XL:     9   Next: 96%
Magic:  8/8        EV: 10    Int: 12    God:    Elyvilon [......]
Gold:   681        SH:  0    Dex:  9    Spells: 8/8 levels left

rFire   . .          .
                       - Unarmed
rCold   . . .        (no shield)
rNeg    . . .        w - +0 troll leather armour {Pargi}
rPois   .            (helmet restricted)
rElec   .            (no cloak)
rCorr   .            (gloves unavailable)
SInv    .            (boots unavailable)
Will    .....        (no amulet) Stlth
                     m - +4 ring of protection
HPRegen 2.01/turn    s - +6 ring of intelligence
MPRegen 0.11/turn

%: no passive effects
@: berserking, very quick
A: large, unfitting armour, claws 3, regeneration 1, shaggy fur 1, tough skin 1
a: Renounce Religion


You were on level 8 of the Dungeon.
You worshipped Elyvilon.
Elyvilon was noncommittal.
You visited 1 branch of the dungeon, and saw 8 of its levels.
You also visited: Sewer.

You collected 885 gold pieces.
You spent 204 gold pieces at shops.

Inventory:

Missiles
 e - 43 stones (quivered)
 f - 5 large rocks
 g - 16 poisoned darts
 q - a boomerang
Armour
 a - a +0 robe
 b - a +0 kite shield
 i - the crystal ball of Wucad Mu {*channel}
   (You found it on level 2 of the Dungeon)

   *Channel:  It often returns the magic spent to cast spells, but lowers their
   success rate.
   It always returns the magic spent on miscasts.
 n - a +0 tower shield
 w - a +0 troll leather armour (worn) {Pargi}
Jewellery
 m - a +4 ring of protection (left claw)
 s - a +6 ring of intelligence (right claw)
Wands
 j - a wand of charming (5)
 r - a wand of flame (18)
 v - a wand of warping (9)
 y - a wand of polymorph (6)
Scrolls
 l - 2 scrolls of noise
 o - 3 scrolls of fog
 t - 5 scrolls of poison
 A - a scroll of blinking {unknown}
 B - a scroll of immolation
Potions
 c - 2 potions of might
 d - 7 potions of curing
 h - 5 potions of heal wounds
 k - a potion of brilliance
 p - 2 potions of cancellation
 u - a potion of mutation {unknown}


   Skills:
 * Level 4.4 Fighting
 * Level 3.2 Armour
 * Level 5.3 Dodging
 * Level 2.2 Stealth
 * Level 5.5 Shields
 * Level 9.8 Unarmed Combat


You had 8 spell levels left.
You didn't know any spells.
Your spell library contained the following spells:

 Spells                   Type           Power      Damage    Failure   Level
 Apportation              Tloc           0%         N/A       36%         1
 Blink                    Tloc           0%         N/A       50%         2
 Lesser Beckoning         Tloc           0%         N/A       50%         2
 Momentum Strike          Conj/Tloc      0%         3d8       50%         2
 Dazzling Flash           Conj/Hex       0%         N/A       73%         3
 Volatile Blastmotes      Fire/Tloc      0%         2d10      73%         3
 Sculpt Simulacrum        Ice/Alch       0%         N/A       100%        6
 Starburst                Conj/Fire      0%         6d3       100%        6
 Ozocubu's Refrigeration  Ice            0%         4d7       100%        7
 Maxwell's Capacitive Co  Air            0%         ∞         100%        8


Dungeon Overview and Level Annotations

Branches:
Dungeon (8/15)             Temple (0/1) D:5           Sewer (visited)
   Lair: D:8-11

Altars:
Elyvilon
Gozag
Kikubaaqudgha
Ru

Shops:
D:7 *!


Innate Abilities, Weirdness & Mutations

You are too large for most types of armour.
You have claws for hands.
Your natural rate of healing is unusually fast.
You are covered in fur. (AC +1)
You have tough skin. (AC +1)


Message History

The skeletal warrior is severely damaged.
You scratch the skeletal warrior.
The skeletal warrior is almost destroyed.
The skeletal warrior hits you with a +0 dire flail!!
* * * LOW HITPOINT WARNING * * *
You feel much better.
The skeletal warrior hits you with a +0 dire flail!
* * * LOW HITPOINT WARNING * * *
A red film seems to cover your vision as you go berserk!
You feel yourself moving faster!
You feel mighty!
The skeletal warrior hits you with a +0 dire flail!
* * * LOW HITPOINT WARNING * * *
You barely miss the skeletal warrior.
The skeletal warrior is almost destroyed.
The skeletal warrior hits you with a +0 dire flail!!
* * * LOW HITPOINT WARNING * * *
You claw the skeletal warrior!
The skeletal warrior is almost destroyed.
You scratch the skeletal warrior.
You destroy the skeletal warrior!
Your Armour skill increases to level 3!
Your Stealth skill increases to level 2!
Your Unarmed Combat skill increases to level 9!
You mangle the skeletal warrior!!
The skeletal warrior is heavily damaged.
You claw the skeletal warrior!
The skeletal warrior is severely damaged.
The skeletal warrior hits you with a +0 hand axe.
* * * LOW HITPOINT WARNING * * *
You mangle the skeletal warrior!!
The skeletal warrior is almost destroyed.
You mangle the skeletal warrior!!
You destroy the skeletal warrior!
You claw the skeletal warrior!
You claw the skeletal warrior, but do no damage.
The skeletal warrior is moderately damaged.
You mangle the skeletal warrior!!
The skeletal warrior is severely damaged.
The skeletal warrior hits you with a +0 dire flail!!
You die...

#.#'#...#.#
#.......#.#
#....#....#
#....#....#
#####....#....###
#........+.......
#........#...#####
#........'...'...#
#........#...###@#
#........#...# #z#
#.......)#...# #.#
#........##### #.#
########## #.# #.#
#.# #.#


You could see a skeletal warrior.

Vanquished Creatures
  2 skeletal warriors (D:8)
  Duvessa (D:6)
  3 ice beasts
  Pargi (Sewer)
  A sky beast (D:8)
  3 centaurs
  2 ogres (D:4)
  2 bullfrogs
  Blork the orc (D:5)
  A brain worm (Sewer)
  6 scorpions
  Dowan (D:6)
  A howler monkey (D:4)
  3 bombardier beetles
  4 hounds
  7 orc priests
  A gnoll bouda (D:6)
  A jelly (D:7)
  7 iguanas
  2 sleepcaps
  2 orc wizards
  7 gnolls
  6 adders
  2 shadow imps (D:5)
  2 white imps
  3 ufetubi
  A ribbon worm (D:4)
  2 dart slugs (D:1)
  25 orcs
  10 bats
  8 endoplasms
  5 giant cockroaches
  15 goblins
  14 hobgoblins
  4 jackals (D:2)
  7 kobolds
  2 quokkas
  8 ball pythons
  3 frilled lizards
  4 rats
180 creatures vanquished.

Notes
Turn   | Place    | Note
-------+----------+-------------------------------------------
     0 | D:1      | trollopo the Troll Fighter began the quest for the Orb.
     0 | D:1      | Reached XP level 1. HP: 22/22 MP: 0/0
   169 | D:1      | Reached XP level 2. HP: 25/29 MP: 1/1
   484 | D:1      | Got the Secrets of the Iceberg and Location
   591 | D:1      | Reached XP level 3. HP: 32/36 MP: 2/2
   751 | D:1      | Found a faded altar of an unknown god.
  1226 | D:2      | Found the crystal ball of Wucad Mu {*channel}
  1310 | D:2      | Reached XP level 4. HP: 44/44 MP: 3/3
  1986 | D:3      | Reached skill level 3 in Unarmed Combat
  2007 | D:3      | Found an ancient bone altar of Kikubaaqudgha.
  2257 | D:3      | Reached XP level 5. HP: 52/52 MP: 4/4
  2512 | D:4      | Noticed an ogre
  2530 | D:4      | Killed an ogre
  2531 | D:4      | Reached skill level 4 in Unarmed Combat
  2531 | D:4      | Reached XP level 6. HP: 39/61 MP: 5/5
  3435 | D:4      | Reached skill level 5 in Unarmed Combat
  3435 | D:4      | Reached XP level 7. HP: 59/67 MP: 6/6
  3566 | D:4      | Reached skill level 1 in Armour
  3682 | D:5      | Entered Level 5 of the Dungeon
  3797 | D:5      | Reached skill level 1 in Stealth
  3797 | D:5      | Reached skill level 6 in Unarmed Combat
  3892 | D:5      | Reached XP level 8. HP: 60/75 MP: 7/7
  3896 | D:5      | Found a staircase to the Ecumenical Temple.
  3903 | D:5      | Noticed Blork the orc
  4233 | D:5      | Found a sacrificial altar of Ru.
  4246 | D:5      | Found an opulent altar of Gozag.
  4272 | D:5      | Killed Blork the orc
  4517 | D:6      | Reached skill level 7 in Unarmed Combat
  4586 | D:6      | Noticed Dowan
  4610 | D:6      | Killed Dowan
  4678 | D:6      | Noticed Duvessa
  4697 | D:6      | Killed Duvessa
  4758 | D:6      | Found a glowing drain.
  4766 | Sewer    | Entered a sewer
  4821 | Sewer    | Noticed Pargi
  4837 | Sewer    | Killed Pargi
  4967 | D:6      | Reached skill level 5 in Shields
  5002 | D:6      | Reached skill level 8 in Unarmed Combat
  5002 | D:6      | Reached XP level 9. HP: 84/84 MP: 8/8
  5462 | D:7      | Found Quuh's Distillery.
  5834 | D:7      | Found a white marble altar of Elyvilon.
  5864 | D:7      | Found Guxzaur's Lightly-Used Armoury.
  5886 | D:7      | Became a worshipper of Elyvilon the Healer
  6291 | D:7      | Bought a potion of curing for 36 gold pieces
  6291 | D:7      | Bought a potion of curing for 36 gold pieces
  6291 | D:7      | Bought a potion of curing for 36 gold pieces
  6291 | D:7      | Bought a potion of heal wounds for 60 gold pieces
  6291 | D:7      | Bought a potion of curing for 36 gold pieces
  6330 | D:8      | Reached skill level 5 in Dodging
  6344 | D:8      | Noticed a skeletal warrior
  6344 | D:8      | Noticed a skeletal warrior
  6345 | D:8      | Noticed a skeletal warrior
  6364 | D:8      | Killed a skeletal warrior
  6365 | D:8      | Reached skill level 9 in Unarmed Combat
  6366 | D:8      | HP: 6/127 [skeletal warrior/+0 hand axe (6)]
  6368 | D:8      | Killed a skeletal warrior
  6370 | D:8      | Mangled by a skeletal warrior

Illustrated notes

Levels and vault maps discovered:
D:1:      lemuel_arrival_broad_hall, layout_basic, basic_ecumenical_altar
D:2:      layout_loops_ring, serial_aquarium, aquarium_bridge_square
          [aquarium_subvault_bridge, aquarium_subvault_wall,
          aquarium_subvault_bridge, aquarium_subvault_bridge],
          aquarium_bridge_straight [aquarium_subvault_bridge,
          aquarium_subvault_balcony, aquarium_subvault_bridge,
          aquarium_subvault_wall], aquarium_window_1, aquarium_window_fake,
          aquarium_window_1, aquarium_view_2d, aquarium_view_2f,
          aquarium_balcony_double_4, guppyfry_early_orc_mine
D:3:      layout_rooms, mainiacjoe_overflow_surrounded_room,
          minmay_goblin_kobold_house
D:4:      minmay_polygon_palace, layout_basic
D:5:      layout_cave_pools, jmf_multi_god_temple2,
          minmay_temple_entry_overgrown, serial_demonic, serial_demonic_f,
          serial_demonic_c, serial_demonic_b, serial_demonic_c,
          uniq_blork_the_orc
D:6:      layout_gridville, portal_sewer_entry_b, uniq_duvessa
D:7:      layout_basic, elyvilon_altar_3, serial_shops, nicolae_square_shop,
          minmay_shop_damaged
D:8:      layout_basic, serial_shops, nicolae_take_the_stairs, shop

Skill      XL: |  1  2  3  4  5  6  7  8  9 |
---------------+----------------------------+-----
Shields        | 3 4 5 |  5.5
Unarmed Combat | 3 4 5 6 8 9 |  9.8
Dodging        | 3 4 5 |  5.3
Fighting       | 3 4 |  4.4
Armour         | 1 2 3 |  3.2
Stealth        | 1 2 |  2.2

Action                     |  1- 3 |  4- 6 |  7- 9 || total
---------------------------+-------+-------+-------++-------
  Melee: Unarmed           |   120 |   140 |   270 ||   530
         Punch             |       |       |    12 ||    12
    Use: Scroll            |     1 |     4 |     5 ||    10
         Potion            |       |       |     3 ||     3
   Stab: Sleeping          |     1 |     2 |       ||     3
         Distracted        |       |       |     1 ||     1
 Armour: Robe              |    49 |    56 |   140 ||   245
         Troll leather arm |       |       |    75 ||    75
  Dodge: Dodged            |    33 |    36 |   128 ||   197
  Block: Kite shield       |    38 |    50 |    10 ||    98

Table legend: (Time is in decaauts)
 A = Elapsed time spent in this place.
 B = Non-inter-level travel time spent in this place.
 C = Inter-level travel time spent in this place.
 D = Time resting spent in this place.
 E = Time spent auto-exploring this place.
 F = Levels seen in this place.
 G = Mean time per level.
                   A        B        C        D        E       F      G
               +--------+--------+--------+--------+--------+-----+--------+
         Total |   6352 |   5147 |   1205 |      5 |   1968 |   9 |  705.8 |
       Dungeon |   6234 |   5029 |   1205 |      5 |   1942 |   8 |  779.2 |
         Sewer |    118 |    118 |      0 |      0 |     26 |   1 |  118.0 |
               +--------+--------+--------+--------+--------+-----+--------+

Top non-repeatable levels by time:
     D:4: 1328 daAuts
     D:2: 973 daAuts
     D:7: 972 daAuts
     D:1: 909 daAuts
     D:6: 764 daAuts
     D:5: 650 daAuts
     D:3: 573 daAuts
   Sewer: 118 daAuts
     D:8: 62 daAuts
